 Dungeon Crawl Stone Soup version 0.28.0-45-g0d030f2227 (webtiles) character file.

Game seed: 3095272784753220602

4180 Ablot the Slicer (level 10, -2/82 HPs)
             Began as a Gnoll Chaos Knight on Apr 14, 2022.
             Was a Plaything of Xom.
             Slain by an ice devil (9 damage)
             ... summoned by a kobold demonologist
             ... on level 9 of the Dungeon.
             The game lasted 00:16:57 (8715 turns).

Ablot the Slicer (Gnoll Chaos Knight)               Turns: 8715, Time: 00:16:59

Health: -2/82      AC: 10    Str: 16    XL:     10   Next: 28%
Magic:  26/26      EV: 13    Int: 20    God:    Xom [*.....]
Gold:   580        SH:  0    Dex: 11    Spells: 14/19 levels left

rFire   . . .      SeeInvis .   a - +0 short sword (chaos)
rCold   + . .      Faith    +   (no shield)
rNeg    . . .      Spirit   .   b - +2 leather armour
rPois   .          Reflect  .   l - +2 helmet
rElec   +          Harm     .   (no cloak)
rCorr   .          Rampage  .   o - +0 pair of gloves
Will    .....                   (boots unavailable)
Stlth   ++........              M - amulet of faith
HPRegen 0.23/turn               m - ring of magical power
MPRegen 0.20/turn               p - +6 ring of intelligence

@: unable to read
A: fangs 1, strong nose, distributed training, talons 3, clever 1, cold
resistance 1, electricity resistance, MP-powered wands
a: Renounce Religion


You were on level 9 of the Dungeon.
You worshipped Xom.
You were a special plaything of Xom.
You visited 1 branch of the dungeon, and saw 9 of its levels.
You also visited: Sewer.

You collected 580 gold pieces.

Inventory:

Hand Weapons
 a - a +0 short sword of chaos (weapon)
Missiles
 f - 75 bolts
 j - 39 sling bullets
 k - 6 javelins
 n - 201 stones
 t - 140 arrows
 u - 2 boomerangs (quivered)
 E - 5 throwing nets
 N - 11 poisoned darts
 P - a curare-tipped dart
Armour
 b - a +2 leather armour (worn)
 l - a +2 helmet (worn)
 o - a +0 pair of gloves (worn)
Jewellery
 e - a ring of ice
 m - a ring of magical power (left hand)
 p - a +6 ring of intelligence (right hand)
 C - a ring of flight
 D - an amulet of regeneration
 M - an amulet of faith (around neck)
Wands
 L - a wand of paralysis (17)
Scrolls
 c - a scroll of amnesia {unknown}
 h - 5 scrolls of identify {unknown}
 r - a scroll of enchant weapon {unknown}
 v - 4 scrolls of teleportation {unknown}
 w - a scroll of magic mapping {unknown}
 x - 2 scrolls of noise {unknown}
 y - 2 scrolls of fog {unknown}
 A - 2 scrolls of enchant armour {unknown}
 J - a scroll of immolation {unknown}
 K - a scroll of summoning {unknown}
 O - a scroll of holy word {unknown}
 Q - a scroll of blinking {unknown}
 R - a scroll of fear {unknown}
Potions
 d - a potion of attraction {unknown}
 g - 2 potions of mutation
 i - 2 potions of invisibility {unknown}
 q - 2 potions of lignification {unknown}
 s - 3 potions of curing
 z - 3 potions of brilliance {unknown}
 B - 4 potions of heal wounds {unknown}
 F - a potion of haste {unknown}
 G - 2 potions of magic {unknown}
 H - a potion of cancellation {unknown}
 I - 3 potions of might {unknown}


   Skills:
 + Level 8.4 Fighting
 + Level 8.4 Short Blades
 + Level 5.1 Long Blades
 + Level 5.1 Axes
 + Level 5.1 Maces & Flails
 + Level 5.1 Polearms
 + Level 5.1 Staves
 + Level 5.1 Slings
 + Level 5.1 Bows
 + Level 5.1 Crossbows
 + Level 5.1 Throwing
 + Level 7.0 Armour
 + Level 5.8 Dodging
 + Level 5.1 Stealth
 + Level 5.1 Shields
 + Level 5.1 Unarmed Combat
 + Level 5.1 Spellcasting
 + Level 4.2 Conjurations
 + Level 4.2 Hexes
 + Level 4.2 Summonings
 + Level 4.2 Necromancy
 + Level 4.2 Translocations
 + Level 4.2 Transmutations
 + Level 4.2 Fire Magic
 + Level 4.2 Ice Magic
 + Level 4.2 Air Magic
 + Level 4.2 Earth Magic
 + Level 4.2 Poison Magic
 + Level 5.6 Invocations
 + Level 5.1 Evocations


You had 14 spell levels left.
You knew the following spells:

 Your Spells              Type           Power      Damage    Failure   Level
a - Sting                 Tmut/Pois      88%        1d7       2%          1
b - Passwall              Tmut/Erth      18%        N/A       3%          2
c - Poisonous Vapours     Pois/Air       44%        N/A       3%          2

Your spell library contained the following spells:

 Spells                   Type           Power      Damage    Failure   Level
 Foxfire                  Conj/Fire      88%        2x1d8     2%          1
 Sandblast                Erth           44%        2d11      2%          1
 Conjure Flame            Conj/Fire      22%        6-21      7%          3
 Inner Flame              Hex/Fire       22%        N/A       7%          3
 Stone Arrow              Conj/Erth      44%        3d9       7%          3
 Flame Wave               Conj/Fire      22%        2d7       24%         4
 Olgreb's Toxic Radiance  Pois           22%        N/A       24%         4
 Blade Hands              Tmut           11%        N/A       54%         5
 Irradiate                Conj/Tmut      11%        3d17      54%         5
 Dragon Form              Tmut           11%        N/A       100%        7
 Malign Gateway           Summ/Tloc      11%        N/A       100%        7
 Summon Horrible Things   Summ           11%        N/A       100%        8


Dungeon Overview and Level Annotations

Branches:
Dungeon (9/15)             Temple (0/1) D:6           Sewer (visited)
   Lair: D:8-11         Orc: D:9-12

Altars:
Trog
Wu Jian
Xom

Shops:
D:2 :   D:7 :


Innate Abilities, Weirdness & Mutations

You have very sharp teeth.
Your uncanny sense of smell can sniff out nearby items.
Your experience applies equally to all skills.
You have claws for feet.
Your mind is acute. (Int +2)
Your flesh is cold resistant. (rC+)
You are resistant to electric shocks. (rElec)
You expend magic power (3 MP) to strengthen your wands.


Message History

* * * LOW HITPOINT WARNING * * *
The kobold barely misses you.
You miss something. Your kick misses something.
Something hits you but does no damage. Something barely misses you.
The smoke demon hits you.
* * * LOW HITPOINT WARNING * * *
The smoke demon hits you.
* * * LOW HITPOINT WARNING * * *
The smoke demon barely misses you.
You closely miss something. Your kick misses something.
The kobold throws a poisoned dart.
The poisoned dart misses you.
The kobold brigand hits you with a +0 dagger.
* * * LOW HITPOINT WARNING * * *
The kobold hits you with a +0 short sword.
* * * LOW HITPOINT WARNING * * *
Unknown command.
It was a potion of mutation.
You feel extremely strange.
You feel stupid.
You can once more read scrolls while threatened.
Your feet stretch into talons.
The smoke demon hits you but does no damage. x3
Something hits you but does no damage.
Unknown command.
It was a potion of curing.
You feel better.
The smoke demon hits you but does no damage.
The smoke demon closely misses you. The smoke demon misses you.
Something hits you.
* * * LOW HITPOINT WARNING * * *
The kobold brigand hits you with a +0 dagger.
* * * LOW HITPOINT WARNING * * *
The kobold throws a poisoned dart.
You barely miss the kobold brigand. Your bite misses the kobold brigand.
The kobold brigand is heavily wounded.
You hear some strange, mumbled words.
The smoke demon closely misses you. The smoke demon hits you.
* * * LOW HITPOINT WARNING * * *
The smoke demon barely misses you. Something hits you but does no damage.
The ice devil hits you!
You die...
Xom cackles wildly!

..........
................
########................
........................
............. .........†
...........# ##+##....
......K....# #....
......4{K..# #....
#.KK@{..# #.###
#####3..#########.#
+.............#
#.............#
#+#...........#
#...........#
#...........#
#...........#
..............#


You could see an ice devil (summoned), a smoke demon (summoned), a kobold
brigand and 3 kobolds.

Vanquished Creatures
  A two-headed ogre (D:8)
  3 yaks (D:7)
  A wyvern (D:7)
  Pargi (Sewer)
  3 sky beasts
  An orc warrior (D:9)
  A black bear (D:5)
  A hornet zombie (D:6)
  3 necrophages
  An ice beast (D:6)
  A tengu (D:4)
  2 ogres
  3 centaurs
  A kobold brigand (D:8)
  2 bullfrogs
  3 scorpions
  2 water moccasin zombies (D:5)
  2 howler monkeys
  A centaur zombie (D:8)
  A centaur skeleton (D:7)
  4 hounds
  A jelly (D:5)
  3 gnoll shamans
  An orc priest (D:8)
  A bullfrog skeleton (D:5)
  3 iguanas
  3 orc wizards
  Terence (D:2)
  4 howler monkey zombies
  6 gnolls
  4 adders
  3 river rats (D:5)
  2 ufetubi
  A worm (shapeshifter) (D:5)
  3 worms
  3 dart slugs
  35 orcs
  14 ball pythons
  4 endoplasms
  2 giant cockroaches (D:3)
  8 goblins
  5 hobgoblins
  3 jackals (D:5)
  6 quokkas
  6 bats
  9 frilled lizards
  19 kobolds
  6 rats
194 creatures vanquished.

Vanquished Creatures (collateral kills)
  A kobold brigand (D:8)
  2 bullfrogs
  3 gnolls (D:5)
  5 orcs
  A kobold (D:2)
12 creatures vanquished.

Vanquished Creatures (others)
  2 gnolls (D:5)
  A kobold (D:9)
3 creatures vanquished.

Grand Total: 209 creatures vanquished

Notes
Turn   | Place    | Note
-------+----------+-------------------------------------------
     0 | D:1      | Ablot the Gnoll Chaos Knight began the quest for the Orb.
     0 | D:1      | Reached XP level 1. HP: 23/23 MP: 1/1
    51 | D:1      | XOM: silly message
   161 | D:1      | Reached XP level 2. HP: 29/29 MP: 2/2
   288 | D:1      | XOM: potion effect (berserk rage)
   423 | D:1      | XOM: divination: magic mapping
   717 | D:2      | XOM: silly message
   753 | D:2      | XOM: silly message
   817 | D:2      | Reached XP level 3. HP: 35/35 MP: 3/3
   861 | D:2      | Found a bloodstained altar of Trog.
   933 | D:2      | Found Beloitec's Book Shoppe.
   947 | D:2      | Learned a level 1 spell: Sting
  1075 | D:2      | XOM: silly message
  1258 | D:2      | Reached skill level 1 in Invocations
  1268 | D:2      | Noticed Terence
  1273 | D:2      | XOM: swap monsters
  1274 | D:2      | XOM: smoke on damage
  1276 | D:2      | Killed Terence
  1277 | D:2      | Reached skill level 1 in Long Blades
  1277 | D:2      | Reached skill level 1 in Axes
  1277 | D:2      | Reached skill level 1 in Maces & Flails
  1277 | D:2      | Reached skill level 1 in Polearms
  1277 | D:2      | Reached skill level 1 in Staves
  1277 | D:2      | Reached skill level 1 in Slings
  1277 | D:2      | Reached skill level 1 in Bows
  1277 | D:2      | Reached skill level 1 in Crossbows
  1277 | D:2      | Reached skill level 1 in Throwing
  1277 | D:2      | Reached skill level 1 in Stealth
  1277 | D:2      | Reached skill level 1 in Shields
  1277 | D:2      | Reached skill level 1 in Unarmed Combat
  1277 | D:2      | Reached skill level 1 in Spellcasting
  1277 | D:2      | Reached skill level 1 in Evocations
  1277 | D:2      | Reached XP level 4. HP: 29/41 MP: 5/5
  1325 | D:2      | XOM: give mutations
  1325 | D:2      | Gained mutation: You are resistant to electric shocks.
                  | (rElec) [Xom's grace]
  1325 | D:2      | Gained mutation: You have sharp toenails. [Xom's grace]
  1391 | D:2      | Noticed an ogre
  1398 | D:2      | Killed an ogre
  1399 | D:2      | Reached skill level 1 in Conjurations
  1399 | D:2      | Reached skill level 1 in Hexes
  1399 | D:2      | Reached skill level 1 in Summonings
  1399 | D:2      | Reached skill level 1 in Necromancy
  1399 | D:2      | Reached skill level 1 in Translocations
  1399 | D:2      | Reached skill level 1 in Transmutations
  1399 | D:2      | Reached skill level 1 in Fire Magic
  1399 | D:2      | Reached skill level 1 in Ice Magic
  1399 | D:2      | Reached skill level 1 in Air Magic
  1399 | D:2      | Reached skill level 1 in Earth Magic
  1399 | D:2      | Reached skill level 1 in Poison Magic
  1399 | D:2      | Reached XP level 5. HP: 47/47 MP: 7/7
  1789 | D:2      | XOM: smoke on damage
  1905 | D:3      | Found a faded altar of an unknown god.
  2239 | D:3      | XOM: cast spell 'Summon Hydra'
  2245 | D:3      | Reached XP level 6. HP: 45/53 MP: 8/8
  2694 | D:3      | XOM: give mutation
  2694 | D:3      | Gained mutation: You have razor-sharp toenails. [Xom's
                  | grace]
  3077 | D:4      | XOM: give mutations
  3077 | D:4      | Gained mutation: You are agile. (Dex +2) [Xom's grace]
  3077 | D:4      | Gained mutation: Your mind is acute. (Int +2) [Xom's grace]
  3077 | D:4      | Gained mutation: Your mind is very acute. (Int +4) [Xom's
                  | grace]
  3190 | D:4      | Learned a level 2 spell: Passwall
  3193 | D:4      | Learned a level 2 spell: Poisonous Vapours
  3312 | D:4      | XOM: god gift: 15 sling bullets
  3374 | D:4      | Reached skill level 5 in Armour
  3892 | D:5      | Entered Level 5 of the Dungeon
  4067 | D:5      | XOM: god gift: 24 stones
  4108 | D:5      | XOM: cleaving
  4123 | D:5      | XOM: scenery: summon butterflies
  4280 | D:5      | Noticed a black bear
  4293 | D:5      | Killed a black bear
  4294 | D:5      | Reached XP level 7. HP: 50/60 MP: 10/10
  4394 | D:5      | Found a glowing drain.
  4402 | D:5      | XOM: polymorph ball python -> bat
  4436 | Sewer    | Entered a sewer
  4439 | Sewer    | XOM: silly message
  4489 | Sewer    | Noticed Pargi
  4505 | Sewer    | Killed Pargi
  4624 | D:5      | Noticed a glowing shapeshifter
  4624 | D:5      | a gnoll changed into a glowing shapeshifter
  4624 | D:5      | XOM: polymorph gnoll -> glowing shapeshifter
  4624 | D:5      | Noticed a water nymph
  4624 | D:5      | a glowing shapeshifter changed into a water nymph
  4626 | D:5      | Noticed a cyclops
  4626 | D:5      | a water nymph changed into a cyclops
  4627 | D:5      | Noticed a salamander
  4627 | D:5      | a cyclops changed into a salamander
  4629 | D:5      | Noticed a troll
  4629 | D:5      | a salamander changed into a troll
  4633 | D:5      | a troll changed into something unseen
  4636 | D:5      | Noticed a meliai
  4642 | D:5      | Noticed a queen bee
  4642 | D:5      | a meliai changed into a queen bee
  4644 | D:5      | Noticed a salamander
  4644 | D:5      | a queen bee changed into a salamander
  4662 | D:4      | XOM: polymorph ogre -> tengu
  4688 | D:4      | Reached XP level 8. HP: 23/67 MP: 12/12
  4752 | D:5      | XOM: noise
  4753 | D:5      | XOM: enchant monster (bad)
  4760 | D:5      | XOM: butterfly on damage
  4981 | D:5      | XOM: noise
  5045 | D:5      | XOM: silly message
  5079 | D:6      | XOM: enchant monster (bad)
  5136 | D:6      | XOM: swap monsters
  5178 | D:6      | XOM: swap monsters
  5240 | D:6      | XOM: give mutations
  5240 | D:6      | Gained mutation: You sometimes lose the ability to read
                  | scrolls when taking damage. [Xom's mischief]
  5240 | D:6      | Gained mutation: Your flesh is heat resistant. (rF+) [Xom's
                  | mischief]
  5240 | D:6      | Lost mutation: Your flesh is heat resistant. (rF+) [Xom's
                  | mischief]
  5324 | D:6      | Found a staircase to the Ecumenical Temple.
  5342 | D:6      | XOM: summons 5 hostile demons
  5424 | D:6      | XOM: scenery: create altars
  5568 | D:6      | Reached XP level 9. HP: 59/72 MP: 14/14
  5739 | D:6      | XOM: noise
  6044 | D:7      | XOM: confuse monster(s)
  6073 | D:7      | Reached skill level 5 in Dodging
  6109 | D:7      | Found Estuo's Book Shop.
  6214 | D:7      | XOM: give mutations
  6214 | D:7      | Gained mutation: You have supernaturally acute eyesight.
                  | (SInv) [Xom's grace]
  6214 | D:7      | Gained mutation: Your flesh is cold resistant. (rC+) [Xom's
                  | grace]
  6352 | D:7      | XOM: give mutation
  6352 | D:7      | Gained mutation: You expend magic power (3 MP) to
                  | strengthen your wands. [Xom's grace]
  6399 | D:7      | Found an ornate altar of the Wu Jian Council.
  6470 | D:7      | XOM: noise
  6517 | D:7      | XOM: enchant monster (good)
  6536 | D:7      | Reached skill level 5 in Invocations
  6990 | D:7      | XOM: silly message
  7174 | D:8      | XOM: confusion
  7180 | D:7      | XOM: silly message
  7417 | D:8      | XOM: silly message
  7698 | D:8      | XOM: 1-stop teleportation journey
  7813 | D:8      | Noticed a two-headed ogre
  7815 | D:8      | XOM: potion effect (haste)
  7840 | D:8      | Killed a two-headed ogre
  7841 | D:8      | Reached skill level 5 in Long Blades
  7841 | D:8      | Reached skill level 5 in Axes
  7841 | D:8      | Reached skill level 5 in Maces & Flails
  7841 | D:8      | Reached skill level 5 in Polearms
  7841 | D:8      | Reached skill level 5 in Staves
  7841 | D:8      | Reached skill level 5 in Slings
  7841 | D:8      | Reached skill level 5 in Bows
  7841 | D:8      | Reached skill level 5 in Crossbows
  7841 | D:8      | Reached skill level 5 in Throwing
  7841 | D:8      | Reached skill level 5 in Stealth
  7841 | D:8      | Reached skill level 5 in Shields
  7841 | D:8      | Reached skill level 5 in Unarmed Combat
  7841 | D:8      | Reached skill level 5 in Spellcasting
  7841 | D:8      | Reached skill level 5 in Evocations
  7841 | D:8      | Reached XP level 10. HP: 78/81 MP: 17/17
  8340 | D:9      | XOM: cleaving
  8343 | D:9      | XOM: summons friendly ufetubus
  8400 | D:9      | XOM: 1-stop teleportation journey
  8557 | D:9      | XOM: god gift: book of Transfigurations
  8608 | D:9      | XOM: give mutations
  8608 | D:9      | Gained mutation: Your spells are a little harder to cast,
                  | but a little more powerful. [Xom's mischief]
  8608 | D:9      | Lost mutation: Your spells are a little harder to cast, but
                  | a little more powerful. [Xom's mischief]
  8608 | D:9      | Lost mutation: You are agile. (Dex +2) [Xom's mischief]
  8608 | D:9      | Lost mutation: You have supernaturally acute eyesight.
                  | (SInv) [Xom's mischief]
  8687 | D:9      | Noticed a kobold demonologist
  8703 | D:9      | XOM: enchant monster (good)
  8706 | D:9      | Noticed a smoke demon
  8707 | D:9      | XOM: enchant monster (good)
  8713 | D:9      | Lost mutation: Your mind is very acute. (Int +4) [potion of
                  | mutation]
  8713 | D:9      | Lost mutation: You sometimes lose the ability to read
                  | scrolls when taking damage. [potion of mutation]
  8713 | D:9      | Gained mutation: You have claws for feet. [potion of
                  | mutation]
  8715 | D:9      | Slain by an ice devil

Illustrated notes

Levels and vault maps discovered:
D:1:      minmay_arrival_hallway, layout_rooms, minmay_small_reverse_x
D:2:      layout_loops_ring, basic_altar, serial_shops, shop, roderic_lattice_a,
          uniq_terence
D:3:      layout_basic, nicolae_ecumenical_oubliette, item_on_display_b
D:4:      layout_cave_pods
D:5:      layout_gridville, portal_sewer_entry_a, bh_walls_and_bars
D:6:      layout_loops_ring, minmay_temple_entry_trees, uniq_edmund
D:7:      layout_layer_cave, kennysheep_mini, serial_shops, shop
D:8:      layout_basic, chequers_serial_rivers_micro_b
D:9:      layout_irregular_city, hiddenorc1_lemuel

Skill      XL: |  1  2  3  4  5  6  7  8  9 10 |
---------------+-------------------------------+-----
Invocations    | 1 2 3 4 5 |  5.6
Long Blades    | 1 2 3 5 |  5.1
Axes           | 1 2 3 5 |  5.1
Maces & Flails | 1 2 3 5 |  5.1
Polearms       | 1 2 3 5 |  5.1
Staves         | 1 2 3 5 |  5.1
Slings         | 1 2 3 5 |  5.1
Bows           | 1 2 3 5 |  5.1
Crossbows      | 1 2 3 5 |  5.1
Throwing       | 1 2 3 5 |  5.1
Stealth        | 1 2 3 5 |  5.1
Shields        | 1 2 3 5 |  5.1
Unarmed Combat | 1 2 3 5 |  5.1
Spellcasting   | 1 2 3 5 |  5.1
Evocations     | 1 2 3 5 |  5.1
Conjurations   | 1 2 3 4 |  4.2
Hexes          | 1 2 3 4 |  4.2
Summonings     | 1 2 3 4 |  4.2
Necromancy     | 1 2 3 4 |  4.2
Translocations | 1 2 3 4 |  4.2
Transmutations | 1 2 3 4 |  4.2
Fire Magic     | 1 2 3 4 |  4.2
Ice Magic      | 1 2 3 4 |  4.2
Air Magic      | 1 2 3 4 |  4.2
Earth Magic    | 1 2 3 4 |  4.2
Poison Magic   | 1 2 3 4 |  4.2
Dodging        | 3 4 5 |  5.8
Armour         | 5 6 7 |  7.0
Fighting       | 7 8 |  8.4
Short Blades   | 7 8 |  8.4

Action                   |  1- 3 |  4- 6 |  7- 9 | 10-12 || total
-------------------------+-------+-------+-------+-------++-------
Melee: Short sword       |    93 |   207 |   418 |    87 ||   805
       Bite              |     7 |    21 |    53 |     5 ||    86
       Punch             |     2 |     3 |     9 |     3 ||    17
       Kick              |       |    43 |   115 |    29 ||   187
Throw: Boomerang         |       |     4 |    12 |       ||    16
       Dart              |       |       |     7 |       ||     7
 Cast: Sting             |       |     2 |     3 |       ||     5
  Use: Potion            |       |       |       |     2 ||     2
 Stab: Sleeping          |       |     4 |     6 |       ||    10
       Paralysed         |       |     1 |     3 |       ||     4
       Confused          |       |       |     7 |       ||     7
Armor: Leather armour    |    35 |    76 |   176 |    52 ||   339
Dodge: Dodged            |    52 |   131 |   289 |    68 ||   540
